 Dungeon Crawl Stone Soup version 0.23-a0-537-g04293e54a7 (webtiles) character file.

781 Rrauwl the Ducker (level 7, -1/60 HPs)
             Began as a Gnoll Monk on Dec 7, 2018.
             Slain by a phantom (9 damage)
             ... on level 4 of the Dungeon.
             The game lasted 00:12:15 (4234 turns).

Rrauwl the Ducker (Gnoll Monk)                      Turns: 4234, Time: 00:12:16

Health: -1/60      AC:  3    Str: 15    XL:     7   Next: 85%
Magic:  11/11      EV: 17    Int: 13    God:
Gold:   263        SH:  0    Dex: 17    Spells: 11/11 levels left

rFire    + . .     SeeInvis .   a - +0 falchion
rCold    x . .     Gourm    .   (no shield)
rNeg     . . .     Faith    .   j - +0 robe
rPois    .         Spirit   .   (no helmet)
rElec    .         Reflect  .   n - +0 cloak
rCorr    .         Harm     .   (no gloves)
MR       .....                  (no boots)
Stlth    +++.......             (no amulet)
HPRegen  0.20/turn              t - ring of fire
MPRegen  0.12/turn              (no ring)

@: no status effects
A: distributed training, fangs 1, strong nose
a: no special abilities


You were on level 4 of the Dungeon.
You were very hungry.

You visited 1 branch of the dungeon, and saw 4 of its levels.

You collected 263 gold pieces.

Inventory:

Hand Weapons
 a - a +0 falchion (weapon)
 b - a +0 hunting sling
 c - a +1 dagger of venom
Missiles
 g - 28 arrows
 h - 230 stones (quivered)
 k - 14 bolts
 p - 31 sling bullets
 r - a throwing net
Armour
 j - a +0 robe (worn)
 n - a +0 cloak (worn)
Jewellery
 t - a ring of fire (left hand)
Scrolls
 d - 2 scrolls of fear {unknown}
 i - a scroll of identify {unknown}
 l - 2 scrolls of amnesia {unknown}
 m - a scroll of teleportation {unknown}
 o - a scroll of immolation {unknown}
 q - 2 scrolls of remove curse
 s - a scroll of fog {unknown}
Potions
 f - a potion of resistance
Comestibles
 e - 3 rations


   Skills:
 + Level 7.1 Fighting
 + Level 2.7 Short Blades
 + Level 7.1 Long Blades
 + Level 2.7 Axes
 + Level 2.7 Maces & Flails
 + Level 2.7 Polearms
 + Level 2.7 Staves
 + Level 2.7 Slings
 + Level 2.7 Bows
 + Level 2.7 Crossbows
 + Level 2.7 Throwing
 + Level 2.7 Armour
 + Level 7.1 Dodging
 + Level 5.0 Stealth
 + Level 2.7 Shields
 + Level 2.7 Unarmed Combat
 + Level 2.7 Spellcasting
 + Level 2.2 Conjurations
 + Level 2.2 Hexes
 + Level 2.2 Charms
 + Level 2.2 Summonings
 + Level 2.2 Necromancy
 + Level 2.2 Translocations
 + Level 2.2 Transmutations
 + Level 2.2 Fire Magic
 + Level 2.2 Ice Magic
 + Level 2.2 Air Magic
 + Level 2.2 Earth Magic
 + Level 2.2 Poison Magic
 + Level 3.0 Invocations
 + Level 2.7 Evocations


You had 11 spell levels left.
You didn't know any spells.
Your spell library was empty.

Dungeon Overview and Level Annotations

Branches:
Dungeon (4/15)
 Temple: D:4-7

Altars:
Elyvilon
Fedhas

Shops:
D:4 *


Innate Abilities, Weirdness & Mutations

Your experience applies equally to all skills.
You have very sharp teeth.
Your uncanny sense of smell can sniff out nearby items.


Message History

Aim: a phantom (heavily damaged)
You shoot a stone. The stone barely misses the phantom.
The phantom blinks!
Firing (i - inventory. (/) - cycle)
h - 231 stones (quivered)
Press: ? - help, Shift-Dir - straight line, f/p - phantom
Aim: a phantom (heavily damaged)
You shoot a stone. The stone hits the phantom.
The phantom is heavily damaged.
Wield which item (- for none, * to show all)? (? for menu, Esc to quit)
a - a +0 falchion (weapon)
You closely miss the phantom.
The phantom is heavily damaged.
The phantom closely misses you.
You riposte.
You miss the phantom.
The phantom is heavily damaged.
You miss the phantom.
The phantom is heavily damaged.
The phantom hits you but does no damage.
You hit the phantom but do no damage.
The phantom is heavily damaged.
The phantom hits you!
You die...

######### #.......#
∆ #..@W...#
#....(..# #.))(...#
#((........
#####....(......
##.....(........<.
#.....(..##.#.....
#...(.(.(##.(.....(
.
#........#.........


You could see a phantom.

Vanquished Creatures
  A phantom (D:4)
  6 big kobolds (D:3)
  A crimson imp (D:4)
  2 worker ants
  A hound skeleton (D:4)
  5 adders
  6 gnolls
  3 worms
  3 dart slugs
  2 leopard geckos
  An orc (D:2)
  7 bats
  4 giant cockroaches
  4 goblins (D:1)
  7 hobgoblins
  A ball python (D:1)
  4 frilled lizards
  40 kobolds
  8 rats
106 creatures vanquished.

Notes
Turn   | Place    | Note
-------+----------+-------------------------------------------
     0 | D:1      | Rrauwl the Gnoll Monk began the quest for the Orb.
     0 | D:1      | Reached XP level 1. HP: 23/23 MP: 1/1
   105 | D:1      | Reached XP level 2. HP: 29/29 MP: 2/2
   588 | D:1      | Reached XP level 3. HP: 35/35 MP: 3/3
   837 | D:2      | Reached skill level 1 in Invocations
  1154 | D:2      | Found a white marble altar of Elyvilon.
  1188 | D:2      | Reached skill level 1 in Short Blades
  1188 | D:2      | Reached skill level 1 in Axes
  1188 | D:2      | Reached skill level 1 in Maces & Flails
  1188 | D:2      | Reached skill level 1 in Polearms
  1188 | D:2      | Reached skill level 1 in Staves
  1188 | D:2      | Reached skill level 1 in Slings
  1188 | D:2      | Reached skill level 1 in Bows
  1188 | D:2      | Reached skill level 1 in Crossbows
  1188 | D:2      | Reached skill level 1 in Throwing
  1188 | D:2      | Reached skill level 1 in Armour
  1188 | D:2      | Reached skill level 1 in Shields
  1188 | D:2      | Reached skill level 1 in Unarmed Combat
  1188 | D:2      | Reached skill level 1 in Spellcasting
  1188 | D:2      | Reached skill level 1 in Evocations
  1188 | D:2      | Reached XP level 4. HP: 36/41 MP: 5/5
  1267 | D:2      | Found a blossoming altar of Fedhas.
  1718 | D:2      | Reached skill level 1 in Conjurations
  1718 | D:2      | Reached skill level 1 in Hexes
  1718 | D:2      | Reached skill level 1 in Charms
  1718 | D:2      | Reached skill level 1 in Summonings
  1718 | D:2      | Reached skill level 1 in Necromancy
  1718 | D:2      | Reached skill level 1 in Translocations
  1718 | D:2      | Reached skill level 1 in Transmutations
  1718 | D:2      | Reached skill level 1 in Fire Magic
  1718 | D:2      | Reached skill level 1 in Ice Magic
  1718 | D:2      | Reached skill level 1 in Air Magic
  1718 | D:2      | Reached skill level 1 in Earth Magic
  1718 | D:2      | Reached skill level 1 in Poison Magic
  2143 | D:3      | Reached XP level 5. HP: 47/47 MP: 6/6
  2181 | D:3      | Noticed a big kobold
  2243 | D:3      | Killed a big kobold
  2799 | D:3      | Reached XP level 6. HP: 53/53 MP: 8/8
  3317 | D:3      | Reached XP level 7. HP: 59/59 MP: 10/10
  3947 | D:4      | Reached skill level 5 in Stealth
  3989 | D:4      | Found Oma Ytek's Assorted Antiques.
  4072 | D:4      | HP: 3/60 [gnoll (5)]
  4234 | D:4      | Slain by a phantom

Vault maps used:
D:1:      dpeg_arrival_tiny_c
D:2:      lemuel_crystal_altar, fedhas_ov_isle_minmay
D:3:      minmay_goblin_kobold_castle
D:4:      minmay_temple_entry_glassed_door, first_ration, serial_shops, shop

Skill      XL: |  1  2  3  4  5  6  7 |
---------------+----------------------+-----
Invocations    | 1 2 3 |  3.0
Short Blades   | 1 2 |  2.7
Axes           | 1 2 |  2.7
Maces & Flails | 1 2 |  2.7
Polearms       | 1 2 |  2.7
Staves         | 1 2 |  2.7
Slings         | 1 2 |  2.7
Bows           | 1 2 |  2.7
Crossbows      | 1 2 |  2.7
Throwing       | 1 2 |  2.7
Armour         | 1 2 |  2.7
Shields        | 1 2 |  2.7
Unarmed Combat | 1 2 |  2.7
Spellcasting   | 1 2 |  2.7
Evocations     | 1 2 |  2.7
Conjurations   | 1 2 |  2.2
Hexes          | 1 2 |  2.2
Charms         | 1 2 |  2.2
Summonings     | 1 2 |  2.2
Necromancy     | 1 2 |  2.2
Translocations | 1 2 |  2.2
Transmutations | 1 2 |  2.2
Fire Magic     | 1 2 |  2.2
Ice Magic      | 1 2 |  2.2
Air Magic      | 1 2 |  2.2
Earth Magic    | 1 2 |  2.2
Poison Magic   | 1 2 |  2.2
Fighting       | 7 |  7.1
Long Blades    | 7 |  7.1
Dodging        | 7 |  7.1
Stealth        | 5 |  5.0

Action                   |  1- 3 |  4- 6 |  7- 9 || total
-------------------------+-------+-------+-------++-------
Melee: Falchion          |    51 |    67 |    63 ||   181
       Bite              |     3 |     6 |    13 ||    22
       Punch             |       |     1 |     2 ||     3
 Fire: Hunting sling     |    33 |   178 |   114 ||   325
  Use: Potion            |     6 |     2 |     1 ||     9
       Scroll            |       |     4 |       ||     4
 Stab: Sleeping          |     4 |     1 |       ||     5
  Eat: Chunk             |     1 |     4 |     1 ||     6
       Ration            |       |     1 |       ||     1
Armor: Robe              |     5 |    11 |     5 ||    21
Dodge: Dodged            |    52 |    71 |    67 ||   190
       Rpst.: Falchion   |     8 |     4 |    15 ||    27

Table legend:
 A = Non-vault XP
 B = Vault XP
 C = Vault XP percentage of total XP
 D = Non-vault monster count
 E = Vault monster count
 F = Vault count percentage of total count
                 A         B        C        D         E       F
            +---------+---------+-------+---------+---------+-------
      Total |     476 |     640 |  57.3 |      62 |      44 |  41.5
            +---------+---------+-------+---------+---------+-------
        D:1 |      35 |       0 |   0.0 |      22 |       0 |   0.0
        D:2 |     100 |       0 |   0.0 |      20 |       0 |   0.0
        D:3 |      93 |     640 |  87.3 |      12 |      44 |  78.6
        D:4 |     248 |       0 |   0.0 |       8 |       0 |   0.0
            +---------+---------+-------+---------+---------+-------
